 Dungeon Crawl Stone Soup version 0.28-a0-233-gb8ca4b6547 (webtiles) character file.

Game seed: 8083347940711654331

217 pokeman the Magician (level 5, -1/29 HPs)
             Began as a Deep Elf Hedge Wizard on Aug 23, 2021.
             Slain by a river rat (6 damage)
             ... in a sewer.
             The game lasted 00:06:45 (2817 turns).

pokeman the Magician (Deep Elf Hedge Wizard)        Turns: 2817, Time: 00:06:46

Health: -1/29      AC:  2    Str:  7    XL:     5   Next: 61%
Magic:  1/15       EV: 13    Int: 20    God:
Gold:   67         SH:  0    Dex: 14    Spells: 5/16 levels left

rFire   . . .      SeeInvis .   h - +2 whip (flame)
rCold   . . .      Faith    .   (no shield)
rNeg    . . .      Spirit   .   b - +0 robe
rPois   .          Reflect  .   c - +0 hat
rElec   .          Harm     .   (no cloak)
rCorr   .          Rampage  .   (no gloves)
Will    .....                   (no boots)
Stlth   +.........              (no amulet)
HPRegen 0.09/turn               (no ring)
MPRegen 0.14/turn               (no ring)

@: very slow
A: no striking features
a: no special abilities


You were in a sewer.
You visited 1 branch of the dungeon, and saw 4 of its levels.
You also visited: Sewer.

You collected 67 gold pieces.

Inventory:

Hand Weapons
 h - a +2 whip of flaming (weapon)
Missiles
 k - 63 arrows
Armour
 b - a +0 robe (worn)
 c - a +0 hat (worn)
Scrolls
 a - 2 scrolls of magic mapping {unknown}
 e - a scroll of silence {unknown}
 i - a scroll of blinking {unknown}
 j - a scroll of vulnerability {unknown}
 n - a scroll of enchant armour {unknown}
 o - a scroll of amnesia {unknown}
 p - a scroll of teleportation {unknown}
Potions
 f - 2 potions of resistance {unknown}
 g - 2 potions of haste {unknown}
 l - 2 potions of lignification {unknown}
 m - a potion of curing {unknown}


   Skills:
 - Level 1.0 Fighting
 - Level 1.0 Armour
 - Level 3.2 Dodging
 + Level 2.6 Stealth
 * Level 6.4 Spellcasting
 + Level 2.8 Conjurations
 - Level 1.1 Summonings
 - Level 1.1 Translocations
 - Level 1.5 Fire Magic
 + Level 0.4 Air Magic


You had 5 spell levels left.
You knew the following spells:

 Your Spells              Type           Power      Damage    Failure   Level
a - Magic Dart            Conj           72%        1d6       3%          1
b - Mephitic Cloud        Conj/Pois/Air  10%        N/A       19%         3
c - Call Imp              Summ           10%        N/A       10%         2
d - Blink                 Tloc           N/A        N/A       10%         2
e - Conjure Flame         Conj/Fire      15%        6-21      12%         3

Your spell library contained the following spells:

 Spells                   Type           Power      Damage    Failure   Level
 Slow                     Hex            6%         N/A       16%         2


Dungeon Overview and Level Annotations

Branches:
Dungeon (4/15)              Sewer (1/1)
 Temple: D:4-7

Altars:

Annotations:
D:4 Grinder


Message History

That beam is likely to hit you.
Continue anyway?
Okay, then.
Unknown command.
Casting: Mephitic Cloud (quite dangerous; 19% risk of failure)
Confirm with . or Enter, or press ? or * to list all spells.
The spell is quite dangerous to cast (19% risk of failure)!
Continue anyway?
Aiming: Mephitic Cloud (quite dangerous; 19% risk of failure)
Press: ? - help, Shift-Dir - straight line, f/p - river rat
Aim: a river rat (lightly wounded, ally target, chance to affect: 91%)
The ball explodes into a vile cloud!
The stinking cloud engulfs the river rat but does no damage.
The river rat is lightly wounded.
The stinking cloud engulfs your crimson imp but does no damage.
The river rat is engulfed in noxious fumes.
Unknown command.
Unknown command.
You hit the river rat. You burn the river rat.
The river rat is heavily wounded.
The river rat misses you.
Your crimson imp hits the river rat.
The river rat bites your crimson imp!
Unknown command.
Unknown command.
You closely miss the river rat.
The river rat is severely wounded.
The river rat misses you.
Your crimson imp hits the river rat.
The river rat bites your crimson imp!
Your crimson imp dies!
Your crimson imp hits the river rat but does no damage.
The river rat closely misses you.
Unknown command.
Your unstable footing causes you to fumble your attack.
Your crimson imp barely misses the river rat.
The river rat bites you.
* * * LOW HITPOINT WARNING * * *
Unknown command.
Unknown command.
Your unstable footing causes you to fumble your attack.
Your crimson imp disappears in a puff of smoke!
The river rat bites you.
You die...

#≈#
#≈#
#≈#
#≈#
#§#
#r#
#°#
#r#
#@#
#≈#
#≈#
#≈#
#≈#
#≈#
#≈#
#≈#


You could see 2 river rats.

Vanquished Creatures
  An ogre (D:4)
  A gnoll (D:1)
  5 adders
  2 river rats
  A dart slug (D:1)
  An orc (D:3)
  2 bats
  An endoplasm (D:1)
  2 giant cockroaches (D:1)
  5 goblins
  4 hobgoblins
  6 jackals (D:2)
  A quokka (D:2)
  12 ball pythons
  2 frilled lizards
  7 kobolds
  8 rats
61 creatures vanquished.

Vanquished Creatures (collateral kills)
  A rat (Sewer)
1 creature vanquished.

Grand Total: 62 creatures vanquished

Notes
Turn   | Place    | Note
-------+----------+-------------------------------------------
     0 | D:1      | pokeman the Deep Elf Hedge Wizard began the quest for the
                  | Orb.
     0 | D:1      | Reached XP level 1. HP: 10/10 MP: 7/7
   316 | D:1      | Reached XP level 2. HP: 16/16 MP: 6/9
   577 | D:1      | Reached skill level 5 in Spellcasting
   788 | D:1      | Reached XP level 3. HP: 20/20 MP: 8/11
   792 | D:1      | Learned a level 3 spell: Mephitic Cloud
   795 | D:1      | Learned a level 2 spell: Call Imp
   798 | D:1      | Learned a level 2 spell: Blink
   802 | D:1      | Learned a level 3 spell: Conjure Flame
  1177 | D:2      | Reached skill level 1 in Armour
  1470 | D:2      | Reached skill level 1 in Fighting
  1855 | D:2      | Reached XP level 4. HP: 21/25 MP: 5/13
  2395 | D:3      | You fall into a shaft and drop 1 floor!
  2420 | D:4      | Noticed Grinder
  2505 | D:4      | Noticed an ogre
  2520 | D:4      | Killed an ogre
  2521 | D:4      | Reached skill level 6 in Spellcasting
  2521 | D:4      | Reached skill level 1 in Fire Magic
  2521 | D:4      | Reached XP level 5. HP: 29/29 MP: 5/15
  2715 | D:3      | Found a glowing drain.
  2730 | Sewer    | Entered a sewer
  2817 | Sewer    | Slain by a river rat

Illustrated notes

Levels and vault maps discovered:
D:1:      lemuel_arrival_cross, layout_rooms
D:2:      layout_loops_corners, kennysheep_generic_room_5
D:3:      layout_basic, trog_hazing_becter,
          dreamdust_ecumenical_altar_drowned_temple, portal_sewer_entry_e
D:4:      layout_basic, lemuel_crystal_altar, uniq_grinder, uniq_ijyb,
          uniq_purgy
Sewer:    sewer_kobolds

Skill      XL: |  1  2  3  4 |
---------------+-------------+-----
Spellcasting   | 5 6 |  6.4
Armour         | 1 |  1.0
Fighting       | 1 |  1.0
Conjurations   | 2 |  2.8
Dodging        | 3 |  3.2
Fire Magic     | 1 |  1.5
Stealth        | |  2.6
Summonings     | |  1.1
Translocations | |  1.1
Air Magic      | |  0.4

Action                   |  1- 3 |  4- 6 || total
-------------------------+-------+-------++-------
Melee: Dagger            |     3 |       ||     3
       Whip              |     6 |    29 ||    35
 Cast: Magic Dart        |   100 |    37 ||   137
       Mephitic Cloud    |       |     5 ||     5
       Call Imp          |       |    10 ||    10
       Blink             |       |     1 ||     1
  Use: Potion            |       |     1 ||     1
Armor: Robe              |     1 |     7 ||     8
Dodge: Dodged            |    21 |    35 ||    56

Table legend: (Time is in decaauts)
 A = Elapsed time spent in this place.
 B = Non-inter-level travel time spent in this place.
 C = Inter-level travel time spent in this place.
 D = Time resting spent in this place.
 E = Time spent auto-exploring this place.
 F = Levels seen in this place.
 G = Mean time per level.
                   A        B        C        D        E       F      G
               +--------+--------+--------+--------+--------+-----+--------+
         Total |   2831 |   2803 |     28 |      0 |   2072 |   5 |  566.2 |
       Dungeon |   2734 |   2706 |     28 |      0 |   2072 |   4 |  683.5 |
         Sewer |     97 |     97 |      0 |      0 |      0 |   1 |   97.0 |
               +--------+--------+--------+--------+--------+-----+--------+

Top non-repeatable levels by time:
     D:2: 1395 daAuts
     D:1: 948 daAuts
     D:3: 209 daAuts
     D:4: 181 daAuts
   Sewer: 97 daAuts
